 Dungeon Crawl Stone Soup version 0.19-a0-1907-gcff654f (console) character file.

96863 nht the Shatterer (level 16, -4/165 HPs)
             Began as an Ogre Berserker on Oct 21, 2016.
             Was the Champion of Trog.
             Slain by a deep elf knight
             ... wielding a +0 short sword
              (6 damage)
             ... on level 1 of the Elven Halls.
             The game lasted 01:04:36 (22425 turns).

nht the Shatterer (Ogre Berserker)                 Turns: 22425, Time: 01:04:37

Health: -4/165     AC: 27    Str: 32    XL:     16   Next: 18%
Magic:  16/16      EV:  5    Int:  4    God:    Trog [******]
Gold:   2200       SH:  0    Dex:  9    Spells: 0 memorised, 15 levels left

rFire  + + .     SeeInvis +     K - +7 giant club {vamp, Str+2 SInv}
rCold  + . .     Gourm    .     M - +6 gold dragon scales
rNeg   . . .     Faith    +     (shield currently unavailable)
rPois  +         Spirit   .     L - +0 hat "Joqeun" {+Fly rPois Int-3 Stlth+}
rElec  .         Reflect  .     b - +1 cloak
rCorr  +         Harm     .     (gloves unavailable)
MR     +....                    (boots unavailable)
Stlth  ..........               W - amulet of faith
                                B - ring of resist corrosion
                                a - ring of protection from fire

@: liquid flames, glowing
A: unfitting armour, tough skin 1
a: Berserk, Trog's Hand, Brothers in Arms, Burn Spellbooks, Renounce Religion,
Evoke Flight


You were on level 1 of the Elven Halls.
You worshipped Trog.
Trog was exalted by your worship.
You were not hungry.

You visited 4 branches of the dungeon, and saw 24 of its levels.
You also visited: Ossuary.

You collected 2708 gold pieces.
You spent 508 gold pieces at shops.

Inventory:

Hand Weapons
 n - the +12 mace of the Secret Gods {flame, rPois rN+ Stlth-}
   (You found it on level 11 of the Dungeon)

   It has been specially enchanted to burn those struck by it, causing extra
   injury to most foes and up to half again as much damage against particularly
   susceptible opponents.
   It protects you from poison.
   It protects you from negative energy.
   It makes you less stealthy.
 q - the +6 dagger of the Gnat {distort, Str+3 Stlth+, unknown}
   (You found it on level 15 of the Dungeon)

   It warps and distorts space around it.
   Unwielding it can cause banishment or high damage.
   It affects your strength (+3).
   It makes you more stealthy.
 r - the +8 giant spiked club of the Present {crush, rPois}
   (Trog gifted it to you on level 6 of the Lair of Beasts)

   It inflicts extra damage upon your enemies.
   It protects you from poison.
 x - a +0 blowgun
 E - a +0 blowgun
 K - the +7 giant club of Righteous Fury (weapon) {vamp, Str+2 SInv}
   (Trog gifted it to you on level 4 of the Lair of Beasts)

   It inflicts no extra harm, but heals its wielder when it wounds a living foe.
   It affects your strength (+2).
   It lets you see invisible.
Missiles
 k - 70 poisoned needles
 s - 3 throwing nets
 D - 7 curare-tipped needles
 G - 24 tomahawks
 P - 17 large rocks (quivered)
 Y - 6 poisoned tomahawks
Armour
 b - a +1 cloak (worn)
 L - the +0 hat "Joqeun" (worn) {+Fly rPois Int-3 Stlth+}
   (You acquired it on level 9 of the Dungeon)

   It affects your intelligence (-3).
   It protects you from poison.
   It lets you fly.
   It makes you more stealthy.
 M - +6 gold dragon scales (worn)
Jewellery
 a - a ring of protection from fire (left hand)
 m - an uncursed ring of teleportation
 B - a ring of resist corrosion (right hand)
 H - an uncursed ring of ice
 V - the ring of Yfeusaw {rPois rN+ Int+4}
   (You found it on level 6 of the Lair of Beasts)

   [ring of poison resistance]

   It affects your intelligence (+4).
   It protects you from poison.
   It protects you from negative energy.
 W - an amulet of faith (around neck)
Wands
 w - a wand of polymorph (18/24)
 y - a wand of hasting (2/9)
 J - a wand of hasting (1/9)
 R - a wand of polymorph (10/24)
 S - a wand of iceblast (0/15)
 T - a wand of teleportation (5/9)
 X - a wand of polymorph (11/24)
Scrolls
 d - 5 scrolls of enchant weapon
 e - 7 scrolls of teleportation
 f - 15 scrolls of identify
 i - 2 scrolls of fear
 j - 6 scrolls of magic mapping
 l - 12 scrolls of remove curse
 o - 5 scrolls of recharging
 u - 5 scrolls of blinking
Potions
 g - 7 potions of might
 p - 4 potions of flight
 z - 2 potions of heal wounds
 A - 8 potions of curing
 I - a potion of agility
 U - a potion of ambrosia
Miscellaneous
 F - a phantom mirror
 N - a fan of gales
 O - a lamp of fire
Comestibles
 c - 12 bread rations
 h - 2 slices of pizza
 v - 15 meat rations
 C - 15 royal jellies
 Q - 10 fruits


   Skills:
 - Level 12.2 Fighting
 + Level 22.5 Maces & Flails
 * Level 13.1 Throwing
 + Level 11.6 Armour
 - Level 3.0 Dodging


You had 15 spell levels left.
You didn't know any spells.

Dungeon Overview and Level Annotations

Branches:
Dungeon (15/15)            Temple (0/1) D:5            Lair (6/6) D:11
 Shoals (0/4) Lair:3       Spider (0/4) Lair:4        Slime (0/5) Lair:6
    Orc (2/2) D:9             Elf (1/3) Orc:2        Vaults (0/5) D:13
 Depths (0/5) D:15

Altars:
Cheibriados
Okawaru
The Shining One

Shops:
D:7 !   D:9 *   D:15 }   Orc:1 [   Orc:2 [%:*


Innate Abilities, Weirdness & Mutations

You are too large for most types of armour.
You have tough skin. (AC +1)


Message History

The shard of ice hits you!
* * * LOW HITPOINT WARNING * * *
The orange demon stings you but does no damage.
You feel much better.
You are covered in liquid flames!
* * * LOW HITPOINT WARNING * * *
The air elemental hits you.
* * * LOW HITPOINT WARNING * * *
The air elemental hits you but does no damage.
The deep elf mage gestures at you while chanting.
The bolt of magma hits the earth elemental.
The earth elemental partially resists.
The bolt of magma hits you! You partially resist.
* * * LOW HITPOINT WARNING * * *
The air elemental hits you but does no damage.
The earth elemental hits you but does no damage.
The deep elf mage gestures wildly while chanting.
The deep elf mage blinks!
The deep elf knight hits you with a short sword.
You die...

█.....█ █..⌠..█
█...(.█ █
██.....██ .█
██████'████████...
...█....e█...e....
...█...EE█)E4.....
..'...EeE@§⌠...$█
...█...eE█e).....+
...█.....█...e...█
██████'████████..█
██.....██ .█
█....[█ █ █..⌠..█
█.....█


You could see an orange demon, a deep elf knight (invisible), 5 earth
elementals, 5 deep elf magi and an air elemental.

Vanquished Creatures
  Rupert (Lair:5)
  Gastronok (Lair:3)
  Agnes (D:14)
  A fire giant (D:15)
  An orc warlord (Orc:2)
  The ghost of Raws the Sharpshooter, a journeyman DsHu of Okawaru (Orc:2)
  A stone giant (Orc:2)
  An entropy weaver (Lair:6)
  Azrael (D:14)
  Snorg (Orc:2)
  2 fire dragons
  Fannar (Orc:1)
  The ghost of kae the Carver, a journeyman FoFi of Okawaru (D:11)
  3 hydras
  2 catoblepae
  3 centaur warriors
  2 ogre magi (D:15)
  4 orc high priests (Orc:2)
  Sonja (D:14)
  3 skeletal warriors (D:12)
  3 unseen horrors
  2 orc knights
  6 hill giants
  A necromancer (D:11)
  2 orc sorcerers (Orc:2)
  A wolf spider (Lair:4)
  9 deep elf magi
  5 ugly things
  3 cyclopes
  2 manticores
  4 centaur zombies
  2 black mambas
  A siren (Lair:3)
  5 gargoyles
  2 torpor snails (Lair:2)
  4 centaur skeletons
  10 spiny frogs
  A freezing wraith (D:14)
  7 komodo dragons
  A kobold demonologist (D:10)
  A rime drake (Lair:6)
  3 meliai (D:15)
  7 two-headed ogres
  A jumping spider (Lair:4)
  8 polar bears (Lair:6)
  5 trolls
  2 hornets
  A merfolk (D:11)
  Grinder (D:4)
  13 blink frogs
  7 dream sheep (Lair:6)
  2 raiju (Lair:6)
  6 hippogriffs
  A meliai zombie (D:14)
  Sigmund (D:2)
  A spriggan (D:11)
  3 shadows
  3 redbacks (Lair:4)
  A water elemental (D:13)
  4 wraiths
  2 vampires
  5 wyverns
  16 humans
  23 yaks
  A hungry ghost (D:10)
  6 basilisks
  A fire elemental (Elf:1)
  2 vampire mosquitoes (D:12)
  3 steam dragons
  A mottled dragon (Lair:6)
  5 water moccasins
  9 wargs
  14 soldier ants
  9 hell hounds
  8 porcupines
  2 swamp drakes (Lair:6)
  2 phantoms
  27 orc warriors
  4 sky beasts
  12 black bears (Lair:6)
  6 ice beasts
  A black bear (shapeshifter) (D:13)
  19 wolves
  15 centaurs
  A necrophage (D:8)
  16 ogres
  An eye of draining (D:15)
  14 crocodiles
  2 big kobolds
  The ghost of Nuatha the Sneak, an amateur SpAK of Lugonu (D:3)
  17 bullfrogs
  A wyvern zombie (D:12)
  A wyvern skeleton (D:13)
  3 scorpions (D:10)
  22 wights
  4 killer bees (D:8)
  4 howler monkeys
  5 electric eels
  8 crimson imps
  2 lava snakes (D:7)
  3 bullfrog zombies
  A quasit (D:6)
  38 orc priests
  Crazy Yiuf (D:2)
  21 hounds
  3 jellies
  23 orc wizards
  Jessica (D:2)
  7 iguanas
  Ijyb (D:3)
  21 worker ants
  A hound skeleton (D:7)
  3 mummies (Ossuary)
  13 adders
  3 gnolls (D:4)
  3 oozes
  An adder zombie (D:6)
  An adder skeleton (D:5)
  4 worms
  4 dart slugs
  A leopard gecko (D:8)
  56 orcs
  7 giant cockroaches
  5 goblins
  7 hobgoblins
  13 jackals
  3 quokkas
  A ball python (D:3)
  9 bats
  6 frilled lizards
  3 goblin skeletons (D:6)
  3 goblin zombies
  6 hobgoblin zombies
  A jackal zombie (D:7)
  12 kobolds
  8 kobold zombies
  An orc zombie (Ossuary)
  6 rats
  5 plants
775 creatures vanquished.

Vanquished Creatures (collateral kills)
  An entropy weaver (Lair:6)
  A queen ant (Lair:6)
  A raiju (Lair:6)
  A warg (Orc:2)
  11 soldier ants (Lair:6)
  A black bear (Lair:6)
  An orc warrior (Orc:2)
  A crimson imp (D:11)
  An orc wizard (Orc:2)
  5 worker ants (Lair:6)
24 creatures vanquished.

Vanquished Creatures (others)
  A basilisk (Lair:6)
  A worker ant (D:11)
  A kobold (D:11)
  4 fungi
  11 plants
18 creatures vanquished.

Grand Total: 817 creatures vanquished

Notes
Turn   | Place    | Note
-------+----------+-------------------------------------------
     0 | D:1      | nht the Ogre Berserker began the quest for the Orb.
     0 | D:1      | Reached XP level 1. HP: 24/24 MP: 1/1
   120 | D:1      | Reached XP level 2. HP: 30/33 MP: 2/2
   383 | D:1      | Reached ** piety under Trog
   400 | D:1      | Reached XP level 3. HP: 32/40 MP: 3/3
   693 | D:2      | Found a faded altar of an unknown god.
   741 | D:2      | Found a runed door.
   831 | D:2      | Noticed Sigmund
   838 | D:2      | Killed Sigmund
   838 | D:2      | Reached skill level 7 in Maces & Flails
   838 | D:2      | Reached XP level 4. HP: 49/49 MP: 4/4
   838 | D:2      | Reached XP level 5. HP: 55/55 MP: 5/5
  1196 | D:2      | Noticed Jessica
  1204 | D:2      | Killed Jessica
  1204 | D:2      | Reached skill level 8 in Maces & Flails
  1204 | D:2      | Reached XP level 6. HP: 63/63 MP: 6/6
  1369 | D:2      | Noticed Crazy Yiuf
  1375 | D:2      | Killed Crazy Yiuf
  1796 | D:3      | Noticed Ijyb
  1807 | D:3      | Killed Ijyb
  1931 | D:3      | Reached *** piety under Trog
  1965 | D:3      | Noticed Nuatha's ghost (amateur SpAK)
  1988 | D:3      | Killed Nuatha's ghost
  1988 | D:3      | Reached skill level 9 in Maces & Flails
  1992 | D:3      | nice accuracy
  2087 | D:4      | Noticed a phantom
  2095 | D:4      | Killed a phantom
  2095 | D:4      | Reached XP level 7. HP: 71/71 MP: 7/7
  2100 | D:4      | Reached skill level 10 in Maces & Flails
  2275 | D:4      | Noticed Grinder
  2276 | D:4      | Paralysed by Grinder for 6 turns
  2292 | D:4      | Killed Grinder
  2292 | D:4      | Reached skill level 11 in Maces & Flails
  2372 | D:4      | Reached XP level 8. HP: 74/79 MP: 8/8
  2386 | D:4      | Gained mutation: You have an increased reservoir of magic. (+10% MP) [potion of mutation]
  2386 | D:4      | Gained mutation: You are partially covered in slimy green scales. (AC +2) [potion of mutation]
  2386 | D:4      | Gained mutation: You have a pair of small horns on your head. [potion of mutation]
  2820 | D:5      | Entered Level 5 of the Dungeon
  2835 | D:5      | Found a staircase to the Ecumenical Temple.
  3211 | D:5      | Reached skill level 12 in Maces & Flails
  3415 | D:6      | Reached skill level 13 in Maces & Flails
  3534 | D:6      | Found a glowing golden altar of the Shining One.
  4227 | D:7      | Reached **** piety under Trog
  4227 | D:7      | Reached XP level 9. HP: 85/85 MP: 9/9
  4230 | D:7      | Reached skill level 14 in Maces & Flails
  4522 | D:7      | Found Puodysk's Distillery.
  4527 | D:7      | Bought a potion of degeneration for 10 gold pieces
  4527 | D:7      | Bought 2 potions of might for 80 gold pieces
  4527 | D:7      | Bought a potion of agility for 40 gold pieces
  4799 | D:7      | Noticed a hornet
  4818 | D:7      | Killed a hornet
  4818 | D:7      | Reached skill level 15 in Maces & Flails
  5270 | D:8      | Reached skill level 16 in Maces & Flails
  5310 | D:8      | Found a sand-covered staircase.
  5317 | Ossuary  | Entered an ossuary
  5469 | Ossuary  | Reached ***** piety under Trog
  5784 | D:8      | Killed an unseen horror
  5784 | D:8      | Reached skill level 17 in Maces & Flails
  5784 | D:8      | Reached XP level 10. HP: 67/94 MP: 11/11
  6057 | D:9      | Found a staircase to the Orcish Mines.
  6502 | D:9      | Killed an unseen horror
  6502 | D:9      | Reached skill level 18 in Maces & Flails
  6695 | D:9      | Found Utog Lao's Assorted Antiques.
  6702 | D:9      | Bought a scroll labeled KOTUGHUZYU for 34 gold pieces
  6702 | D:9      | Bought a murky inky potion for 30 gold pieces
  6702 | D:9      | Bought a scroll labeled KOTUGHUZYU for 34 gold pieces
  6715 | D:9      | nice
  6754 | D:9      | Got a faintly humming hat
  6762 | D:9      | Identified the +0 hat "Joqeun" {+Fly rPois Int-3 Stlth+} (You acquired it on level 9 of the Dungeon)
  6871 | D:9      | Reached skill level 1 in Armour
  6983 | Orc:1    | Entered Level 1 of the Orcish Mines
  7029 | Orc:1    | Found Duaps's Antique Armour Emporium.
  7138 | Orc:2    | Entered Level 2 of the Orcish Mines
  7263 | Orc:2    | Noticed Raws's ghost (journeyman DsHu)
  7266 | Orc:2    | Noticed a stone giant
  7311 | Orc:1    | Noticed Fannar
  7322 | Orc:1    | Killed Fannar
  7322 | Orc:1    | Reached XP level 11. HP: 101/101 MP: 12/12
  7453 | Orc:2    | Noticed an orc knight
  7456 | Orc:2    | Noticed an orc sorcerer
  7457 | Orc:2    | Noticed an orc warlord
  7478 | Orc:2    | Killed a stone giant
  7478 | Orc:2    | Reached skill level 19 in Maces & Flails
  8119 | D:10     | Entered Level 10 of the Dungeon
  8135 | D:10     | You fall through a shaft for 2 floors!
  8164 | D:11     | Received a gift from Trog
  8218 | D:11     | Found a staircase to the Lair.
  8232 | D:11     | Noticed a manticore
  8236 | Lair:1   | Entered Level 1 of the Lair of Beasts
  8474 | D:11     | Reached skill level 5 in Fighting
  8479 | D:11     | Killed a manticore
  8482 | D:11     | Noticed a necromancer
  8575 | D:11     | Killed a necromancer
  8586 | D:11     | Got a pitted mace
  8600 | D:11     | Noticed a fire dragon
  8600 | D:11     | Noticed a cyclops
  8683 | D:10     | Reached skill level 5 in Armour
  8828 | D:10     | Noticed a hill giant
  8836 | D:10     | Killed a hill giant
  9262 | D:11     | Noticed a sixfirhy
  9263 | D:11     | Noticed kae's ghost (journeyman FoFi)
  9456 | D:10     | Reached XP level 12. HP: 93/119 MP: 13/13
  9574 | D:11     | Killed kae's ghost
  9574 | D:11     | Reached skill level 20 in Maces & Flails
  9779 | D:11     | Received a gift from Trog
  9785 | D:11     | Identified the +12 mace of the Secret Gods {flame, rPois rN+ Stlth-} (You found it on level 11 of the Dungeon)
  9808 | D:11     | Killed a fire dragon
 10681 | D:12     | Reached skill level 10 in Fighting
 10926 | D:12     | Noticed a four-headed hydra
 11555 | Lair:1   | Reached XP level 13. HP: 104/137 MP: 14/14
 11686 | Lair:1   | You fall through a shaft!
 12135 | Lair:2   | Found a snail-covered altar of Cheibriados.
 12150 | Lair:2   | Reached skill level 21 in Maces & Flails
 13175 | Lair:3   | Noticed Gastronok
 13183 | Lair:3   | Killed Gastronok
 13382 | Lair:3   | Found an iron altar of Okawaru.
 13703 | Lair:3   | Found a staircase to the Shoals.
 13855 | Lair:4   | Reached skill level 1 in Throwing
 14186 | Lair:4   | Found a hole to the Spider Nest.
 14416 | Lair:4   | Received a gift from Trog
 14417 | Lair:4   | Got a dazzling giant club {god gift}
 14426 | Lair:4   | Identified the +7 giant club of Righteous Fury {vamp, Str+2 SInv} (Trog gifted it to you on level 4 of the Lair of Beasts)
 14605 | Lair:5   | Lost mutation: You have a pair of small horns on your head. [potion of cure mutation]
 14605 | Lair:5   | Lost mutation: You have an increased reservoir of magic. (+10% MP) [potion of cure mutation]
 14605 | Lair:5   | Lost mutation: You are partially covered in slimy green scales. (AC +2) [potion of cure mutation]
 14787 | Lair:5   | Noticed Rupert
 14793 | Lair:5   | Paralysed by Rupert for 4 turns
 14798 | Lair:5   | Killed Rupert
 15246 | Lair:6   | Entered Level 6 of the Lair of Beasts
 15275 | Lair:6   | Reached skill level 5 in Throwing
 15277 | Lair:6   | Reached XP level 14. HP: 149/149 MP: 14/14
 15484 | Lair:6   | Reached ****** piety under Trog
 15674 | Lair:6   | Received a gift from Trog
 15789 | Lair:6   | Noticed an entropy weaver
 15799 | Lair:6   | Killed an entropy weaver
 15804 | Lair:6   | Reached skill level 10 in Armour
 15880 | Lair:6   | Noticed an entropy weaver
 15890 | Lair:6   | Killed an entropy weaver
 15900 | Lair:6   | Got a pitted marble ring
 15901 | Lair:6   | Identified the ring of Yfeusaw {rPois rN+ Int+4} (You found it on level 6 of the Lair of Beasts)
 15933 | Lair:6   | Found a staircase to the Slime Pits.
 16328 | Lair:6   | Received a gift from Trog
 16329 | Lair:6   | Got a slimy giant spiked club {god gift}
 16336 | Lair:6   | Identified the +8 giant spiked club of the Present {crush, rPois} (Trog gifted it to you on level 6 of the Lair of Beasts)
 16989 | D:13     | Found a gate to the Vaults.
 17121 | D:13     | Reached skill level 10 in Throwing
 17153 | D:13     | Reached XP level 15. HP: 157/157 MP: 15/15
 17201 | D:13     | Received a gift from Trog
 18196 | D:14     | Noticed Agnes
 18214 | D:14     | Killed Agnes
 18555 | D:14     | Noticed Sonja
 18558 | D:14     | Killed Sonja
 18573 | D:14     | Received a gift from Trog
 18930 | D:14     | Noticed Azrael
 18939 | D:14     | Reached skill level 22 in Maces & Flails
 18949 | D:14     | Killed Azrael
 19299 | D:15     | Entered Level 15 of the Dungeon
 19351 | D:15     | Found a staircase to the Depths.
 19351 | D:15     | Noticed a fire giant
 19680 | D:15     | Received a gift from Trog
 19693 | D:15     | Killed a fire giant
 19742 | D:15     | Found Ziplilos's Gadget Shop.
 19841 | D:15     | Got a translucent dagger
 21030 | Orc:2    | Received a gift from Trog
 21063 | Orc:2    | Killed an orc warlord
 21509 | Orc:2    | Reached XP level 16. HP: 165/165 MP: 16/16
 21722 | Orc:2    | Killed Raws's ghost
 21774 | Orc:2    | Found a staircase to the Elven Halls.
 21784 | Orc:2    | Noticed Snorg
 21797 | Orc:2    | Killed Snorg
 21926 | Orc:2    | Found Zookitti's Food Shop.
 21926 | Orc:2    | Found Kaunugotz's General Store.
 21927 | Orc:2    | Found Luffitix's Book Boutique.
 21930 | Orc:2    | Found Yfup's Armour Shop.
 21934 | Orc:2    | Bought 2 scrolls of magic mapping for 119 gold pieces
 21934 | Orc:2    | Bought a scroll of recharging for 161 gold pieces
 22388 | Elf:1    | Entered Level 1 of the Elven Halls
 22397 | Elf:1    | Received a gift from Trog
 22422 | Elf:1    | Received a gift from Trog
 22425 | Elf:1    | HP: 2/165 [deep elf mage/bolt of magma (22)]
 22425 | Elf:1    | Slain by a deep elf knight

Vault maps used:
D:1:      scummos_arrival_simple_fountains
D:2:      first_bread, ecumenical_altar_1, kennysheep_generic_room_15,
          uniq_sigmund, uniq_crazy_yiuf_cottage, uniq_jessica
D:3:      uniq_iyjb
D:4:      uniq_grinder
D:6:      nicolae_tso_besieged_by_evil
D:7:      serial_shops, kennysheep_little_box, minmay_misc_feat_nine_boxes,
          kennysheep_dice
D:8:      chequers_ossuary_entry_cave
D:9:      orc_0_dummy, serial_shops, nicolae_shop_overgrown_old_shop
D:11:     minmay_cut_squares, lair_0_dummy, hangedman_stone_soup
D:12:     serial_bayou, serial_bayou_lagoon_a, serial_bayou_shore_b,
          serial_bayou_pond_d, serial_bayou_pond_b
D:13:     david_vaults_3
D:14:     minmay_misc_feat_rugged, serial_park_tiny_1, uniq_azrael, uniq_sonja,
          uniq_agnes
D:15:     grunt_enter_depths_giant_problem, serial_shops,
          nicolae_shop_waterfront
Lair:2:   minivault_23, kennysheep_snail_temple
Lair:3:   minmay_shoals_entry_lonely_mermaid, lemuel_altar_in_water2,
          uniq_gastronok
Lair:4:   spider_nest_entry_funnel_web, grunt_megastairs_4, serial_bayou_shore_a
Lair:5:   uniq_rupert
Lair:6:   hangedman_lair_caniforms_friends, guppyfry_lair_end_dragon,
          slime_dummy, small_statue_intersection, minivault_29,
          lemuel_fruit_tree
Orc:1:    serial_shops, nicolae_shop_trees, uniq_fannar
Orc:2:    st_orc_mages, uniq_snorg
Elf:1:    minmay_elf_arrival_plus, serial_shops, nicolae_shop_crystal,
          orc_legates
Ossuary:  ossuary_kennysheep_city_of_the_dead

Skill      XL: |  1  2  3  4  5  6  7  8  9 10 11 12 13 14 15 16 |
---------------+-------------------------------------------------+-----
Dodging        | 3 |  3.0
Maces & Flails | 7 8 9 11 13 17 18 19 20 21 22 | 22.5
Armour         | 2 5 7 9 10 11 | 11.6
Fighting       | 7 11 12 | 12.2
Throwing       | 5 10 12 13 | 13.1

Action                   |  1- 3 |  4- 6 |  7- 9 | 10-12 | 13-15 | 16-18 || total
-------------------------+-------+-------+-------+-------+-------+-------++-------
Melee: Mace              |    73 |   105 |       |       |       |       ||   178
       Flail             |       |    64 |   334 |    47 |       |       ||   445
       Headbutt          |       |       |    49 |    94 |    41 |       ||   184
       Morningstar       |       |       |       |   480 |   202 |       ||   682
       Great mace        |       |       |       |    28 |       |       ||    28
       Giant club        |       |       |       |       |   953 |   142 ||  1095
Throw: Tomahawk          |       |       |       |     5 |       |       ||     5
       Large rock        |       |       |       |       |    10 |       ||    10
       Throwing net      |       |       |       |       |     1 |       ||     1
Invok: Berserk           |     1 |     5 |     7 |     9 |     9 |     1 ||    32
       Trog's Hand       |       |       |     1 |     1 |     1 |       ||     3
       Burn Spellbooks   |       |       |       |     4 |     4 |       ||     8
       Brothers in Arms  |       |       |       |     1 |     4 |     1 ||     6
Evoke: Wand              |       |       |       |     8 |     8 |       ||    16
  Use: Potion            |       |       |     4 |     9 |     2 |     2 ||    17
       Scroll            |       |       |    15 |    14 |     7 |       ||    36
 Stab: Sleeping          |       |       |     1 |       |       |       ||     1
  Eat: Chunk             |       |     3 |    13 |    24 |    32 |       ||    72
       Meat ration       |       |     1 |       |       |       |     1 ||     2
       Bread ration      |       |       |     1 |       |       |       ||     1
       Pizza             |       |       |     1 |     2 |       |       ||     3
       Fruit             |       |       |       |     3 |     8 |       ||    11
       Beef jerky        |       |       |       |     2 |     5 |       ||     7
Armor: Animal skin       |    22 |     5 |       |       |       |       ||    27
       Robe              |       |    51 |   106 |    40 |       |       ||   197
       Gold dragon scale |       |       |       |   323 |   848 |   116 ||  1287
Dodge: Dodged            |    38 |    71 |   114 |   102 |   230 |    51 ||   606
